 Dungeon Crawl Stone Soup version 0.30.1 (webtiles) character file.

Game seed: 13090485122488765220

305 shmup the Firebug (level 6, -6/34 HPs)
             Began as a Tengu Fire Elementalist on July 13, 2023.
             Mangled by an orc warrior
             ... wielding a +0 halberd
              (22 damage)
             ... on level 4 of the Dungeon on July 14, 2023.
             The game lasted 00:15:51 (3233 turns).

shmup the Firebug (Tengu Fire Elementalist)         Turns: 3233, Time: 00:15:52

Health: -6/34      AC:  3    Str:  8    XL:     6   Next: 39%
Magic:  0/3        EV: 16    Int: 17    God:
Gold:   126        SH:  5    Dex: 21    Spells: 8/11 levels left

rFire   + . .        q - +11 spear of the Building Bear {antimagic, Dex+6}
rCold   x . .        (no shield)
rNeg    . . .        a - +0 robe
rPois   .            (helmet restricted)
rElec   .            (no cloak)
rCorr   .            w - +0 pair of gloves
SInv    .            (boots unavailable)
Will    .....        h - amulet of reflection
Stlth   +++          v - ring of fire
HPRegen 0.25/turn    (no ring)
MPRegen 0.08/turn

%: reflection
@: flying quickly and evasively, quick
A: beak, talons 3, nimble flight
a: no special abilities


You were on level 4 of the Dungeon.
You visited 1 branch of the dungeon, and saw 4 of its levels.

You collected 204 gold pieces.
You spent 78 gold pieces at shops.

Inventory:

Hand Weapons
 f - a +0 short sword
 q - the +11 spear of the Building Bear (weapon) {antimagic, Dex+6}
   (You took it off an orc on level 3 of the Dungeon)

   Dex:       It affects your dexterity (+6).
 s - a +1 dagger of protection
Missiles
 g - 10 poisoned darts (quivered)
 i - 34 stones
 m - 4 boomerangs
Armour
 a - a +0 robe (worn)
 t - an orb of guile
 u - an orb of mayhem
 w - a +0 pair of gloves (worn)
Jewellery
 h - an amulet of reflection (around neck)
 v - a ring of fire (left hand)
Wands
 x - a wand of digging (6)
Scrolls
 c - a scroll of amnesia {unknown}
 d - a scroll of brand weapon {unknown}
 e - 2 scrolls of vulnerability {unknown}
 j - 2 scrolls of teleportation
 p - a scroll of poison {unknown}
 y - a scroll of magic mapping {unknown}
Potions
 b - a potion of magic
 k - a potion of berserk rage
 l - 2 potions of cancellation
 n - a potion of brilliance
 o - 2 potions of curing
 r - a potion of lignification {unknown}
 z - a potion of might {unknown}


   Skills:
 + Level 1.2 Fighting
 + Level 3.3 Dodging
 + Level 3.3 Stealth
 + Level 3.0 Spellcasting
 + Level 3.2 Conjurations
 * Level 5.0 Fire Magic


You had 8 spell levels left.
You knew the following spells:

 Your Spells              Type           Power      Damage    Failure   Level
a - Foxfire               Conj/Fire      100%       2x1d9     3%          1
b - Scorch                Fire           58%        2d7       3%          2

Your spell library contained the following spells:

 Spells                   Type           Power      Damage    Failure   Level
 Slow                     Hex            8%         N/A       17%         1
 Inner Flame              Hex/Fire       16%        N/A       19%         3
 Volatile Blastmotes      Fire/Tloc      32%        2d12      19%         3
 Flame Wave               Conj/Fire      25%        2d8       30%         4
 Confusing Touch          Hex            2%         N/A       45%         3
 Vampiric Draining        Necr           2%         2d6       45%         3


Dungeon Overview and Level Annotations

Branches:
Dungeon (4/15)
 Temple: D:4-7

Altars:
Kikubaaqudgha

Shops:
D:2 (   D:4 (?

Annotations:
D:3 exclusion: downstairs


Innate Abilities, Weirdness & Mutations

You have a beak for a mouth.
You have claws for feet.
Your magical nature lets you fly swiftly and evasively.


Message History

Casting: Scorch (safe; 3% risk of failure)
Confirm with . or Enter, or press ? or * to list all spells.
You don't have enough magic to cast this spell.
Casting: Scorch (safe; 3% risk of failure)
Confirm with . or Enter, or press ? or * to list all spells.
You don't have enough magic to cast this spell.
Unknown command.
Unknown command.
Unknown command.
Unknown command.
Unknown command.
Unknown command.
Unknown command.
Casting: Scorch (safe; 3% risk of failure)
Confirm with . or Enter, or press ? or * to list all spells.
You feel a surge of power!
You conjure some foxfire!
The orc wizard shouts!
The orc warrior hits you from afar with a +0 halberd.
The foxfire hits the orc warrior but does no damage.
The orc warrior is heavily wounded.
The foxfire hits the orc warrior but does no damage.
The orc warrior is heavily wounded.
You block the orc warrior's attack.
The orc warrior hits you with a +0 halberd!
* * * LOW HITPOINT WARNING * * *
You hit the orc warrior.
You claw the orc warrior, but do no damage.
You peck the orc warrior, but do no damage.
The orc warrior is severely wounded.
You block the orc warrior's attack.
You hit the orc warrior.
You claw the orc warrior, but do no damage.
The orc warrior is almost dead.
The orc warrior is no longer more vulnerable to fire.
The orc wizard gestures wildly while chanting.
The orc wizard flickers and vanishes!
Deactivating autopickup; reactivate with Ctrl-A.
The orc warrior hits you with a +0 halberd!!
Ouch! That really hurt!
You die...

...)...▒▒▒▒....▒▒▒▒.▒.....▒▒▒▒▒
........▒▒..▒▒..▒▒.....▒▒.▒
▒▒.....................▒▒.▒
▒.....▒▒.................▒▒
▒▒...................▒▒▒▒.▒
▒▒.............[.....+_'.▒
▒......▒..........▒▒▒▒▒▒▒
▒..........{...[..▒
.............oQ....▒
▒▒.............<...▒
...▒.>▒▒▒▒▒▒▒▒▒▒▒▒▒▒ ......
.... ..


You could see an orc warrior.

Vanquished Creatures
  An ogre (D:4)
  A scorpion (D:4)
  3 gnolls (D:3)
  4 adders
  2 worms
  2 dart slugs (D:2)
  8 orcs
  6 ball pythons
  3 endoplasms
  3 giant cockroaches
  6 goblins
  10 hobgoblins
  4 jackals (D:4)
  2 quokkas
  8 bats
  2 frilled lizards
  10 kobolds
  3 rats (D:1)
78 creatures vanquished.

Vanquished Creatures (others)
  172 foxfires
172 creatures vanquished.

Grand Total: 250 creatures vanquished

Notes
Turn   | Place    | Note
-------+----------+-------------------------------------------
     0 | D:1      | shmup the Tengu Fire Elementalist began the quest for the
                  | Orb.
     0 | D:1      | Reached XP level 1. HP: 10/10 MP: 4/4
   272 | D:1      | Reached XP level 2. HP: 15/15 MP: 3/6
   779 | D:1      | Reached XP level 3. HP: 18/19 MP: 7/7
  1019 | D:2      | Found Fasev's Weapon Emporium.
  1113 | D:2      | Reached skill level 4 in Fire Magic
  1277 | D:2      | Reached XP level 4. HP: 24/24 MP: 2/8
  1864 | D:3      | Learned a level 2 spell: Scorch
  2130 | D:3      | Identified the +11 spear of the Building Bear {antimagic,
                  | Dex+6}
  2325 | D:3      | Gained mutation: Your magical nature lets you fly swiftly
                  | and evasively. [Tengu growth]
  2325 | D:3      | Reached XP level 5. HP: 28/28 MP: 3/9
  2746 | D:4      | Noticed an ogre
  2770 | D:4      | Killed an ogre
  2771 | D:4      | Reached XP level 6. HP: 23/33 MP: 1/11
  2823 | D:4      | Noticed an orc warrior
  2919 | D:4      | Reached skill level 1 in Fighting
  2943 | D:4      | Found an ancient bone altar of Kikubaaqudgha.
  3025 | D:4      | Reached skill level 5 in Fire Magic
  3080 | D:4      | Found Buryps's Magic Scroll Emporium.
  3085 | D:4      | Bought a scroll of teleportation for 39 gold pieces
  3085 | D:4      | Bought a scroll of teleportation for 39 gold pieces
  3120 | D:4      | Found Cuezarac's Antique Weapon Shoppe.
  3233 | D:4      | Mangled by an orc warrior

Illustrated notes

Levels and vault maps discovered:
D:1:      saegor_arrival_simple_c, layout_loops_ring, minmay_pentomino_r4
D:2:      layout_basic, serial_shops, nicolae_lakefront_shop, minmay_liquid_box
D:3:      layout_loops_cross, chequers_serial_rivers_micro_c
D:4:      layout_rooms, kennysheep_mini, serial_shops, shop,
          nicolae_shop_pleasant_corner_grove, palyth_stone_intersect

Skill      XL: |  1  2  3  4  5  6 |
---------------+-------------------+-----
Conjurations   | 2 3 |  3.2
Fire Magic     | 4 5 |  5.0
Stealth        | 3 |  3.3
Dodging        | 3 |  3.3
Fighting       | 1 |  1.2
Spellcasting   | 3 |  3.0

Action                     |  1- 3 |  4- 6 || total
---------------------------+-------+-------++-------
  Melee: Short sword       |    10 |     9 ||    19
         Peck              |       |     7 ||     7
         Kick              |       |    10 ||    10
         Spear             |       |    26 ||    26
         Punch             |       |     3 ||     3
  Throw: Dart              |     1 |       ||     1
   Cast: Foxfire           |    54 |    53 ||   107
         Scorch            |       |     5 ||     5
    Use: Scroll            |       |     4 ||     4
   Stab: Sleeping          |       |     2 ||     2
         Distracted        |       |     1 ||     1
 Armour: Robe              |     3 |     1 ||     4
  Dodge: Dodged            |     5 |    25 ||    30
  Block: Other             |       |     7 ||     7
         Reflection        |       |     2 ||     2
